 Dungeon Crawl Stone Soup version 0.25.1-8-g42b30a86e7 (webtiles) character file.

Game seed: 4274091865913724542

98 Azimut41r the Sneak (level 5, 0/32 HPs)
             Began as a Kobold Assassin on Dec 20, 2020.
             Was an Initiate of Dithmenos.
             Killed by nerve-wracking pain
             ... invoked by Grinder
              (13 damage)
             ... on level 3 of the Dungeon.
             The game lasted 00:09:49 (3133 turns).

Azimut41r the Sneak (Kobold Assassin)               Turns: 3133, Time: 00:09:49

Health: 0/32       AC:  3    Str:  8    XL:     5   Next: 1%
Magic:  5/5        EV: 15    Int: 13    God:    Dithmenos [......]
Gold:   117        SH:  0    Dex: 17    Spells: 4/4 levels left

rFire    . . .     SeeInvis .   i - +2 short sword (drain)
rCold    . . .     Gourm    .   (shield restricted)
rNeg     . . .     Faith    .   b - +0 robe
rPois    .         Spirit   .   (no helmet)
rElec    .         Reflect  .   c - +0 cloak
rCorr    .         Harm     .   (no gloves)
MR       .....                  (no boots)
Stlth    +++.......             (no amulet)
HPRegen  0.10/turn              (no ring)
MPRegen  0.09/turn              (no ring)

@: no status effects
A: small, carnivore
a: Renounce Religion


You were on level 3 of the Dungeon.
You worshipped Dithmenos.
Dithmenos was noncommittal.
You were completely stuffed.

You visited 1 branch of the dungeon, and saw 3 of its levels.

You collected 117 gold pieces.

Inventory:

Hand Weapons
 a - a +2 dagger
 i - a +2 short sword of draining (weapon)
Armour
 b - a +0 robe (worn)
 c - a +0 cloak (worn)
Scrolls
 k - 2 scrolls of remove curse {unknown}
 l - a scroll of enchant weapon {unknown}
 n - 3 scrolls of identify {unknown}
 p - a scroll of teleportation {unknown}
Potions
 g - a potion of ambrosia {unknown}
 h - 2 potions of magic {unknown}
 j - a potion of might {unknown}
 m - a potion of cancellation {unknown}
 q - a potion of stabbing {unknown}
Comestibles
 f - 8 rations


   Skills:
 + Level 2.8 Fighting
 + Level 3.6 Short Blades
 + Level 2.8 Throwing
 + Level 2.2 Dodging
 + Level 6.4 Stealth


You had 4 spell levels left.
You didn't know any spells.
Your spell library contained the following spells:

 Spells                   Type           Power        Failure   Level  Hunger
 Magic Dart               Conj           #...         30%         1    ##.....
 Searing Ray              Conj           #.....       43%         2    ###....
 Dazzling Flash           Conj/Hex       #.....       67%         3    ####...
 Fulminant Prism          Conj/Hex       #.........   97%         4    #####..
 Iskenderun's Mystic Bla  Conj/Tloc      #.......     97%         4    #####..


Dungeon Overview and Level Annotations

Branches:
Dungeon (3/15)

Altars:
Dithmenos
Trog
Vehumet

Annotations:
D:3 Grinder


Innate Abilities, Weirdness & Mutations

You are small and have problems with some larger weapons.
You are carnivorous and can eat meat at any time.


Message History

You impale the adder!!
You kill the adder!
Dithmenos accepts your kill.
You have reached level 5!
You feel clever.
You hit Grinder.
Grinder is lightly wounded.
Grinder gestures at you. Pain shoots through your body!
You hit Grinder.
Grinder is moderately wounded.
Grinder hits you!
You writhe in agony.
You hit Grinder.
Grinder is moderately wounded.
Grinder closely misses you.
You hit Grinder but do no damage.
Grinder is moderately wounded.
Grinder gestures at you. Pain shoots through your body!
You die...

#............. #(# .#
####.#######....####.####
..(#.# ...#............#
#.#... ..(((.
.._..........>...# #.#[##
.#......... ...#........#
#.#.# .....#..#
..##.#..##..#.####.#.#
##..#.(.#
...........#.)....#.#
....%#..#
####.#5#..#.########.#
###.(#$.#.#.....@...#.#
#.#
....(#....#....#.#.##.#
#.# ###.)...# ####
#.#....# #.# .....(..#
..#############.##
####.##.##
####....(..........
#..#..# #.###########.#.
#..#.#.## ## #.#
#......#. ###....##.###.#
#.# #.##...#.
#............#
#.######.######.


You could see Grinder.

Vanquished Creatures
  3 adders
  A worm (D:2)
  2 dart slugs (D:1)
  5 leopard geckos
  11 bats
  4 giant cockroaches
  6 goblins
  8 hobgoblins
  4 jackals (D:1)
  3 kobolds
  9 rats
56 creatures vanquished.

Vanquished Creatures (others)
  An adder (D:2)
  A leopard gecko (D:2)
2 creatures vanquished.

Grand Total: 58 creatures vanquished

Notes
Turn   | Place    | Note
-------+----------+-------------------------------------------
     0 | D:1      | Azimut41r the Kobold Assassin began the quest for the Orb.
     0 | D:1      | Reached XP level 1. HP: 12/12 MP: 1/1
   190 | D:1      | Reached XP level 2. HP: 13/17 MP: 2/2
   399 | D:1      | Reached skill level 6 in Stealth
   525 | D:1      | You fall into a shaft and drop 1 floor!
   573 | D:2      | Reached XP level 3. HP: 21/21 MP: 3/3
  1157 | D:2      | Found a shadowy altar of Dithmenos.
  1173 | D:2      | Became a worshipper of Dithmenos the Shadowed
  1318 | D:1      | Reached XP level 4. HP: 27/27 MP: 4/4
  1765 | D:2      | Found a radiant altar of Vehumet.
  2428 | D:3      | Reached * piety under Dithmenos
  2448 | D:3      | Noticed Grinder
  2448 | D:3      | Noticed a water moccasin
  2504 | D:3      | Found a bloodstained altar of Trog.
  2508 | D:3      | Paralysed by Grinder for 6 turns
  2511 | D:3      | HP: 1/27 [Grinder/nerve-wracking pain (13)]
  2829 | D:3      | Paralysed by Grinder for 2 turns
  3128 | D:3      | Reached XP level 5. HP: 32/32 MP: 5/5
  3133 | D:3      | Killed from afar by Grinder

Illustrated notes

Levels and vault maps discovered:
D:1:      dpeg_arrival_shrine, layout_basic, corexii_leaking_fountain
D:2:      layout_loops_ring, fiery_altar_vehumet, lemuel_doored_altar,
          first_ration, kennysheep_generic_room_12
D:3:      layout_basic, bloody_trog, uniq_purgy, uniq_grinder, uniq_natasha

Skill      XL: |  1  2  3  4 |
---------------+-------------+-----
Stealth        | 6 |  6.4
Short Blades   | 3 |  3.6
Dodging        | 2 |  2.2
Fighting       | |  2.8
Throwing       | |  2.8

Action                   |  1- 3 |  4- 6 || total
-------------------------+-------+-------++-------
Melee: Dagger            |    18 |       ||    18
       Short sword       |    40 |    55 ||    95
Throw: Dart              |       |    10 ||    10
 Stab: Sleeping          |    15 |     9 ||    24
  Eat: Chunk             |    10 |     5 ||    15
Armor: Robe              |     7 |     5 ||    12
Dodge: Dodged            |    29 |    33 ||    62
